 Dungeon Crawl Stone Soup version 0.28.0-45-g0d030f2227 (webtiles) character file.

Game seed: 6496680148356858079

42 MisterFreud the Slasher (level 3, -12/31 HPs)
             Began as a Palentonga Fighter on Apr 26, 2022.
             Killed by divine providence
             ... invoked by an orc priest
              (13 damage)
             ... on level 3 of the Dungeon.
             The game lasted 00:01:50 (1889 turns).

MisterFreud the Slasher (Palentonga Fighter)        Turns: 1889, Time: 00:01:50

Health: -12/31     AC:  7    Str: 19    XL:     3   Next: 33%
Magic:  3/3        EV:  7    Int:  8    God:
Gold:   130        SH:  4    Dex: 11    Spells: 2/2 levels left

rFire   . . .      SeeInvis +   a - +0 long sword
rCold   . . .      Faith    .   c - +0 buckler
rNeg    . . .      Spirit   .   b - +0 scale mail
rPois   .          Reflect  .   (helmet restricted)
rElec   .          Harm     .   (no cloak)
rCorr   .          Rampage  .   m - +0 pair of gloves
Will    .....                   (no barding)
Stlth   ..........              (no amulet)
HPRegen 0.10/turn               (no ring)
MPRegen 0.08/turn               (no ring)

@: mighty
A: large, rugged brown scales 3, see invisible, deformed body, roll 1, armoured
tail, antennae 1
a: Rolling Charge


You were on level 3 of the Dungeon.
You visited 1 branch of the dungeon, and saw 3 of its levels.

You collected 130 gold pieces.

Inventory:

Hand Weapons
 a - a +0 long sword (weapon)
Armour
 b - a +0 scale mail (worn)
 c - a +0 buckler (worn)
 m - a +0 pair of gloves (worn)
Jewellery
 f - a ring of protection from fire
 p - a ring of flight
Scrolls
 e - 3 scrolls of identify {unknown}
 g - 2 scrolls of immolation {unknown}
 j - a scroll of vulnerability {unknown}
 k - a scroll of magic mapping {unknown}
 l - a scroll of teleportation {unknown}
 n - a scroll of enchant armour {unknown}
Potions
 d - a potion of might
 o - a potion of magic {unknown}


   Skills:
 - Level 3.0 Fighting
 + Level 3.7 Long Blades
 - Level 2.4 Armour
 - Level 2.4 Shields


You had 2 spell levels left.
You didn't know any spells.
Your spell library was empty.

Dungeon Overview and Level Annotations

Branches:
Dungeon (3/15)

Altars:

Annotations:
D:2 Sigmund


Innate Abilities, Weirdness & Mutations

You are completely covered in rugged brown scales. (AC +3, +7% HP)
You have supernaturally acute eyesight. (SInv)
Armour fits poorly on your strangely shaped body.
You can roll at nearby foes to attack.
You have a long armoured tail.
You have a pair of small antennae on your head.


Message History

You roll forward with a clatter of scales!
An orc priest comes into view. It is wielding a +0 dagger.
Found a stone staircase leading down.
The orc priest shouts!
You hit the orc but do no damage. You block the orc's attack.
The orc priest looks encouraged for a moment.
There are monsters nearby!
The orc priest mumbles some strange prayers to Beogh against you.
Beogh smites you!
You feel very mighty all of a sudden. The orc hits you but does no damage.
You barely miss the orc.
Your tail-slap misses the orc.
You block the orc's attack.
The orc priest begins to cast a cantrip, but forgets the words!
The orc priest looks encouraged for a moment.
The orc hits you but does no damage.
You closely miss the orc. The orc hits you with a +0 flail.
You barely miss the orc. The orc barely misses you.
You hit the orc.
Your tail-slap misses the orc.
The orc is severely wounded.
The orc priest calls down the wrath of Beogh upon you.
Beogh smites you!
* * * LOW HITPOINT WARNING * * *
The orc hits you with a +0 flail.
* * * LOW HITPOINT WARNING * * *
It was a potion of curing.
You feel better. The orc hits you with a +0 flail.
* * * LOW HITPOINT WARNING * * *
Unknown command.
You slash the orc!
You kill the orc!
The orc priest hits you with a +0 dagger of holy wrath.
* * * LOW HITPOINT WARNING * * *
You closely miss the orc priest.
The orc priest hits you with a +0 dagger of holy wrath.
* * * LOW HITPOINT WARNING * * *
It was a potion of mutation.
You feel extremely strange. A pair of antennae grows on your head!
The orc priest mumbles some strange prayers to Beogh against you.
Beogh smites you!
You die...

........###.............)###
......(...........#........##
..............$..............
####.###.....................
#........................#
#......................###
##.###############.....##
..............####o....##
#############...@oo.......#
########.####.. ..# # ..# ..#
.#


You could see 2 orc priests and an orc.

Vanquished Creatures
  A dart slug (D:2)
  An orc (D:3)
  A bat (D:1)
  2 endoplasms
  A giant cockroach (D:1)
  2 goblins
  3 hobgoblins
  8 jackals
  A quokka (D:2)
  6 ball pythons
  A frilled lizard (D:3)
  8 rats
35 creatures vanquished.

Notes
Turn   | Place    | Note
-------+----------+-------------------------------------------
     0 | D:1      | MisterFreud the Palentonga Fighter began the quest for the
                  | Orb.
     0 | D:1      | Reached XP level 1. HP: 19/19 MP: 1/1
   434 | D:1      | Reached XP level 2. HP: 25/25 MP: 2/2
   573 | D:1      | Found a faded altar of an unknown god.
  1342 | D:2      | Noticed Sigmund
  1481 | D:2      | Reached XP level 3. HP: 25/31 MP: 3/3
  1888 | D:3      | HP: 1/31 [orc priest/+0 dagger of holy wrath (5)]
  1889 | D:3      | Gained mutation: You have a pair of small antennae on your
                  | head. [potion of mutation]
  1889 | D:3      | Killed from afar by an orc priest

Illustrated notes

Levels and vault maps discovered:
D:1:      denvon_arrival_hothouse, layout_basic, nicolae_ecumenical_lake_church,
          minmay_rat_gold_closets
D:2:      layout_loops_ring, minmay_tromino_v4_c, uniq_sigmund
D:3:      layout_rooms, eino_tiny_chamber, corexii_shack

Skill      XL: |  1  2 |
---------------+-------+-----
Long Blades    | 3 |  3.7
Fighting       | |  3.0
Armour         | |  2.4
Shields        | |  2.4

Action                   || total
-------------------------++-------
Melee: Long sword        ||    99
       Tailslap          ||     9
 Abil: Rolling Charge    ||     8
  Use: Potion            ||     3
Armor: Scale mail        ||    43
Dodge: Dodged            ||    28
Block: Buckler           ||    15
